Map: Hardwire LE

Players

LiquidClem (Clem) - Winner!

  • Race: Terran Terran
  • League: Master

MaxPax

  • Race: Protoss Protoss
  • League: Grandmaster

VOD

Have the link to the VOD?

Description

Time

  • Played on: Oct. 21, 2021, 8:27 a.m.
  • Length: 11:08
Show
View Real Time Build Order
Export as new Build Order

LiquidClem Terran - Winner!

Build Orders: Cyclone Opening 

Get SALT Encoding   

  12  0:00  SCV  
  13  0:12  SCV  
  14  0:17  Supply Depot  
  14  0:24  SCV  
  15  0:30  Refinery  
  15  0:38  SCV  
  16  0:44  Barracks  
  16  0:50  SCV  
  17  1:02  SCV  
  18  1:14  SCV  
  19  1:33  Marine, Orbital Command  
  19  1:34  Factory  
  20  1:42  Supply Depot  
  20  1:51  Barracks Reactor  
  20  1:58  SCV  
  21  2:10  SCV  
  22  2:17  Factory Tech Lab  
  22  2:20  Command Center  
  22  2:25  SCV  
  22  2:27  Marine x2  
  25  2:30  Supply Depot  
  25  2:39  Cyclone  
  25  2:41  SCV  
  29  2:45  Marine  
  29  2:47  Marine  
  31  2:56  Barracks  
  31  2:57  SCV  
  32  3:05  Marine x2  
  34  3:09  SCV  
  34  3:12  Refinery  
  35  3:18  Cyclone  
  38  3:23  SCV  
  39  3:31  Marine x2  
  39  3:33  Orbital Command  
  41  3:38  SCV  
  42  3:42  Supply Depot  
  42  3:50  Marine, SCV  
  43  4:00  Marine  
  43  4:01  Marine  
  43  4:02  SCV  
  46  4:03  SCV  
  45  4:10  Marine  
  45  4:14  SCV  
  45  4:15  SCV  
  48  4:18  Marine  
  48  4:19  Marine  
  48  4:21  Stimpack  
  50  4:26  SCV  
  50  4:28  Marine  
  50  4:31  SCV, Factory Tech Lab  
  49  4:36  Marine x2  
  49  4:38  SCV  
  49  4:43  SCV  
  49  4:45  Marine  
  49  4:50  SCV  
  49  4:51  Widow Mine  
  53  4:54  Marine x2  
  53  4:55  SCV  
  53  5:03  Marine, SCV  
  52  5:07  Supply Depot  
  52  5:08  SCV  
  52  5:12  Marine x2  
  49  5:15  SCV  
  49  5:20  Starport, SCV  
  49  5:21  Marine  
  49  5:27  SCV  
  48  5:29  Marine  
  48  5:30  Marine  
  48  5:31  Bunker  
  48  5:32  SCV  
  51  5:39  SCV  
  51  5:40  Siege Tank  
  51  5:41  Engineering Bay  
  55  5:44  Marine, SCV, Refinery  
  55  5:48  Marine  
  55  5:49  Marine  
  59  5:51  SCV  
  59  5:53  Supply Depot  
  59  5:56  SCV  
  61  5:58  Barracks  
  61  6:04  Marine, Starport Reactor  
  61  6:08  Marine, SCV x2  
  61  6:15  Marine  
  55  6:20  SCV  
  55  6:21  SCV  
  56  6:26  Marine  
  56  6:27  Marine  
  56  6:32  SCV  
  59  6:33  Marine  
  59  6:37  Siege Tank  
  63  6:40  Supply Depot  
  63  6:42  SCV  
  63  6:44  SCV  
  63  6:46  Marine  
  66  6:48  Missile Turret  
  66  6:51  Missile Turret  
  66  6:52  Marine  
  66  6:54  SCV  
  66  6:56  Marine x2  
  68  7:04  Marine  
  68  7:06  SCV  
  68  7:07  SCV  
  65  7:13  Marine  
  65  7:14  Marine  
  59  7:16  Medivac x2  
  59  7:18  SCV  
  59  7:20  Marine  
  59  7:22  SCV  
  66  7:25  Siege Tank  
  66  7:26  Marine  
  69  7:31  Marine, SCV  
  69  7:32  Marine  
  72  7:40  SCV  
  72  7:41  Command Center  
  72  7:42  Marauder  
  75  7:48  Supply Depot, SCV  
  75  7:49  Marine  
  75  7:50  Refinery  
  76  7:51  Barracks Tech Lab  
  76  7:52  SCV  
  77  8:00  Marine, SCV  
  77  8:01  Supply Depot  
  77  8:02  Combat Shield  
  77  8:04  Widow Mine, Starport Reactor  
  81  8:06  Widow Mine  
  81  8:07  SCV  
  84  8:12  Terran Infantry Weapons Level 1  
  84  8:13  SCV  
  84  8:18  Supply Depot  
  84  8:19  Marine x2  
  87  8:23  Marauder  
  87  8:25  Marauder  
  91  8:30  Supply Depot  
  91  8:32  Widow Mine x2  
  94  8:34  SCV x2  
  94  8:37  Marine x2  
  98  8:41  Concussive Shells  
  98  8:43  Medivac  
  98  8:44  Marauder  
  98  8:45  Medivac  
  98  8:48  Supply Depot  
  104  8:52  Orbital Command  
  104  8:56  Widow Mine x2  
  104  8:58  Marine x2  
  106  9:10  Marauder  
  106  9:11  Barracks  
  106  9:12  Barracks, SCV x2  
  106  9:15  Orbital Command  
  106  9:17  Widow Mine  
  106  9:22  Medivac x2  
  106  9:23  Marine x2, Widow Mine  
  115  9:27  SCV  
  115  9:28  SCV  
  118  9:38  Widow Mine  
  118  9:41  Marine x2  
  118  9:42  Marauder  
  118  9:43  Marauder, SCV x2  
  118  9:44  SCV, Widow Mine  
  119  9:54  Supply Depot  
  119  9:57  SCV x3  
  122  10:00  Barracks Reactor  
  122  10:01  Barracks Tech Lab  
  122  10:04  Marine x2, Marauder x2  
  126  10:11  SCV  
  126  10:12  SCV  
  122  10:14  Widow Mine  
  122  10:20  SCV  
  122  10:21  Marauder  
  122  10:23  Widow Mine  
  122  10:25  Marauder x2, Viking  
  122  10:26  Viking  
  132  10:29  Marine x2  
  132  10:30  Supply Depot  
  128  10:41  Supply Depot  
  128  10:42  Marine, Marauder  
  131  10:43  Refinery  
  131  10:45  Marine, Widow Mine  
  131  10:47  Marine, Marauder x2  
  132  11:07  Command Center  
Show
View Real Time Build Order
Export as new Build Order

MaxPax Protoss 

Build Orders: 1 Gate Expand, Oracle Opening 

Get SALT Encoding   

  12  0:00  Probe  
  13  0:12  Probe  
  14  0:17  Pylon  
  14  0:24  Probe (Chrono Boost)  
  16  0:37  Probe (Chrono Boost), Gateway  
  16  0:43  Probe (Chrono Boost)  
  16  0:47  Assimilator  
  17  0:53  Probe  
  18  1:05  Probe  
  19  1:17  Probe  
  20  1:25  Cybernetics Core  
  20  1:33  Nexus  
  20  1:37  Probe  
  21  1:43  Pylon  
  21  1:48  Assimilator  
  21  1:52  Probe  
  22  2:00  Adept (Chrono Boost)  
  22  2:04  Probe  
  25  2:11  Pylon  
  25  2:16  Probe  
  25  2:20  Adept (Chrono Boost)  
  26  2:28  Probe  
  29  2:30  Stargate  
  29  2:36  Warp Gate  
  29  2:42  Adept, Probe  
  32  2:47  Probe  
  33  2:54  Probe  
  34  2:59  Probe  
  35  3:07  Probe  
  35  3:11  Probe  
  37  3:14  Oracle (Chrono Boost)  
  37  3:19  Probe  
  41  3:21  Stalker  
  41  3:23  Shield Battery  
  43  3:27  Probe  
  43  3:31  Probe  
  43  3:34  Gateway  
  43  3:40  Probe  
  44  3:42  Oracle (Chrono Boost)  
  47  3:50  Probe  
  46  3:55  Probe  
  46  4:02  Probe  
  48  4:14  Gateway  
  48  4:16  Oracle  
  48  4:17  Pylon  
  51  4:18  Probe, Pylon, Assimilator  
  51  4:19  Assimilator  
  51  4:22  Probe  
  53  4:30  Probe  
  54  4:35  Probe  
  54  4:37  Stalker x2  
  54  4:38  Shield Battery  
  59  4:42  Probe  
  56  4:51  Probe  
  50  4:59  Probe  
  50  5:01  Stalker x2  
  50  5:06  Probe  
  44  5:11  Probe  
  41  5:19  Void Ray (Chrono Boost)  
  41  5:20  Probe, Gateway  
  38  5:23  Probe  
  43  5:29  Zealot x2  
  43  5:30  Zealot  
  43  5:33  Probe  
  50  5:37  Probe  
  52  5:50  Stalker x2  
  52  5:52  Zealot  
  52  5:56  Probe  
  58  5:59  Probe  
  53  6:15  Sentry  
  53  6:16  Sentry, Zealot x2  
  53  6:17  Probe  
  53  6:18  Probe  
  63  6:29  Probe (Chrono Boost)  
  63  6:30  Probe (Chrono Boost)  
  65  6:36  Twilight Council  
  65  6:41  Probe (Chrono Boost)  
  65  6:42  Probe (Chrono Boost)  
  67  6:47  Probe (Chrono Boost)  
  67  6:48  Zealot  
  67  6:53  Pylon  
  69  6:55  Zealot  
  70  7:03  Probe  
  70  7:04  Probe  
  62  7:10  Blink (Chrono Boost)  
  58  7:16  Stalker x3  
  58  7:17  Probe x2 (Chrono Boost)  
  65  7:29  Probe (Chrono Boost)  
  67  7:32  Probe (Chrono Boost)  
  67  7:34  Probe (Chrono Boost)  
  68  7:37  Stalker  
  68  7:39  Probe  
  70  7:47  Sentry x2  
  70  7:48  Nexus  
  74  7:53  Forge, Probe  
  74  7:54  Probe  
  74  7:57  Pylon  
  75  8:04  Sentry  
  77  8:09  Shield Battery  
  77  8:10  Probe  
  77  8:11  Pylon  
  78  8:13  Robotics Facility  
  78  8:20  Stalker x2  
  78  8:22  Probe  
  83  8:29  Shield Battery  
  83  8:31  Photon Cannon  
  83  8:32  Probe  
  83  8:33  Protoss Ground Weapons Level 1 (Chrono Boost)  
  84  8:37  Probe  
  85  8:43  Pylon  
  85  8:45  Probe  
  86  8:49  Probe  
  86  8:54  Charge  
  87  9:02  Robotics Bay  
  87  9:03  Probe  
  87  9:04  Robotics Facility  
  87  9:05  Probe  
  87  9:09  Probe  
  86  9:16  Stalker x2  
  90  9:18  Probe  
  90  9:23  Stalker x2  
  95  9:27  Probe  
  96  9:33  Pylon  
  97  9:40  Stalker x2  
  97  9:43  Immortal (Chrono Boost)  
  94  9:52  Disruptor (Chrono Boost)  
  87  9:56  Zealot x2  
  80  10:14  Stalker  
  80  10:15  Stalker  
  73  10:42  Gateway  
  76  10:43  Zealot x3  
  76  10:44  Gateway x2  
  76  10:45  Gateway  
  76  10:47  Gateway  
  65  11:04  Zealot x3  
Tags
 
Add a new tag
Caveats
  • Supply blocks, unpowered buildings, or Contaminate may cause inaccurate times.
  • Supply counts are checked every 10 seconds.